 Dungeon Crawl Stone Soup version 0.20.1-4-g4af34eaf8e (webtiles) character file.

380 Alfie the Shooter (level 6, -8/52 HPs)
             Began as a Minotaur Hunter on Mar 9, 2020.
             Killed by divine providence
             ... invoked by an orc priest
              (10 damage)
             ... on level 4 of the Dungeon.
             The game lasted 00:09:30 (2360 turns).

Alfie the Shooter (Minotaur Hunter)                 Turns: 2360, Time: 00:09:30

Health: -8/52      AC:  4    Str: 18    XL:     6   Next: 46%
Magic:  5/5        EV: 12    Int:  8    God:
Gold:   208        SH:  0    Dex: 11    Spells: 5/5 levels left

rFire    . . .     SeeInvis .   b - +0 short sword
rCold    . . .     Gourm    .   (no shield)
rNeg     . . .     Faith    .   c - +0 leather armour
rPois    .         Spirit   .   (helmet restricted)
rElec    .         Reflect  .   (no cloak)
rCorr    .         Harm     .   (no gloves)
MR       .....                  e - +0 pair of boots
Stlth    +.........             (no amulet)
Regen    0.2/turn               (no ring)
MPRegen  0.1/turn               (no ring)

@: lethally poisoned (-8 -> -9), berserk cooldown, drained
A: retaliatory headbutt, horns 2
a: no special abilities


You were on level 4 of the Dungeon.
You were not hungry.

You visited 1 branch of the dungeon, and saw 4 of its levels.

You collected 208 gold pieces.

Inventory:

Hand Weapons
 a - a +1 shortbow
 b - a +0 short sword (weapon)
Missiles
 d - 61 arrows
Armour
 c - a +0 leather armour (worn)
 e - a +0 pair of boots (worn)
Scrolls
 h - a scroll of teleportation
 l - 2 scrolls of blinking
 n - a scroll of identify
 o - 2 scrolls of remove curse
Potions
 i - a potion of flight
 m - a potion of invisibility
Comestibles
 f - 5 bread rations
 g - 4 meat rations
 k - 2 royal jellies


   Skills:
 + Level 4.0(2.9) Fighting
 + Level 1.3(0.2) Short Blades
 + Level 7.0(5.8) Bows
 + Level 0.2(0.0) Throwing
 + Level 2.6(1.6) Armour
 + Level 2.8(1.7) Dodging
 + Level 1.0(0.0) Stealth


You had 5 spell levels left.
You didn't know any spells.

Dungeon Overview and Level Annotations

Branches:
Dungeon (4/15)
 Temple: D:4-7

Altars:
Elyvilon
Okawaru
Zin
The Shining One


Innate Abilities, Weirdness & Mutations

You reflexively headbutt those who attack you in melee.
You have a pair of horns on your head.


Message History

The worker ant poisons you!
You barely miss the worker ant. You headbutt the worker ant.
The worker ant is almost dead.
* * * LOW HITPOINT WARNING * * *
You feel sick. The worker ant barely misses you. x2
You hit the worker ant.
You kill the worker ant!
Your base Bows skill increases to level 7!
You feel yourself speed up.
* * * LOW HITPOINT WARNING * * *
You feel sick.
You see here a worker ant corpse. 2 orcs and an orc priest come into view.
* * * LOW HITPOINT WARNING * * *
You feel sick.
The orc shouts! x2; The orc priest shouts!
The orc moves out of view.
The orc priest mumbles some strange prayers to Beogh against you.
Beogh smites you!
You die...

.#...#**#+###* *,*
.#..|##......# #.#
.+.#.##......# #.#
.###.##......# #.#
....)†.......# #.#
.............###.#
......).#........##
..................#
.........(...†..@.#
####......######..#
***#.#....#*,,,...#
,,...#..#.#*,*##..#
*#####..#.#*,**##o#***
*****#....#*,*,,,..,,*
,,,,,..#..#*,*,*,.o.,*
****####..#*,*,*,...,*
,,,,,,,..>#*,*,*,,,,,*


You could see an orc priest and an orc.

Vanquished Creatures
  A sky beast (D:4)
  An iguana (D:4)
  A worker ant (D:4)
  3 orc wizards
  4 gnolls (D:2)
  4 adders
  3 dart slugs
  3 leopard geckos
  6 orcs
  3 giant cockroaches
  5 goblins
  6 hobgoblins
  2 jackals (D:1)
  5 kobolds
  A quokka (D:3)
  A ball python (D:3)
  12 bats
  3 frilled lizards
  12 rats
  A toadstool (D:1)
77 creatures vanquished.

Vanquished Creatures (others)
  3 toadstools (D:1)
3 creatures vanquished.

Grand Total: 80 creatures vanquished

Notes
Turn   | Place    | Note
-------+----------+-------------------------------------------
     0 | D:1      | Alfie the Minotaur Hunter began the quest for the Orb.
     0 | D:1      | Reached XP level 1. HP: 18/18 MP: 0/0
   244 | D:1      | Reached XP level 2. HP: 13/25 MP: 1/1
   668 | D:2      | Reached skill level 5 in Bows
   678 | D:2      | Reached XP level 3. HP: 26/30 MP: 2/2
   826 | D:2      | Reached skill level 1 in Armour
   952 | D:2      | Found an iron altar of Okawaru.
  1139 | D:2      | Reached XP level 4. HP: 37/38 MP: 3/3
  1252 | D:2      | Reached skill level 1 in Short Blades
  1496 | D:3      | Reached XP level 5. HP: 31/45 MP: 4/4
  1645 | D:3      | Reached skill level 6 in Bows
  1659 | D:3      | Found a white marble altar of Elyvilon.
  1659 | D:3      | Found a glowing golden altar of the Shining One.
  1660 | D:3      | Found a glowing silver altar of Zin.
  2297 | D:4      | Noticed a sky beast
  2306 | D:4      | Killed a sky beast
  2306 | D:4      | Reached skill level 1 in Stealth
  2306 | D:4      | Reached XP level 6. HP: 26/52 MP: 5/5
  2356 | D:4      | Reached skill level 7 in Bows
  2356 | D:4      | HP: 2/52 [poisoned by a worker ant]
  2360 | D:4      | Killed from afar by an orc priest

Skill      XL: |  1  2  3  4  5  6 |
---------------+-------------------+-----
Bows           | 5 6 7 |  7.0
Fighting       | 3 4 |  4.0
Armour         | 1 2 |  2.6
Short Blades   | 1 |  1.3
Stealth        | 1 |  1.0
Throwing       | |  0.2
Dodging        | |  2.8

Action                   |  1- 3 |  4- 6 || total
-------------------------+-------+-------++-------
Melee: Short sword       |    73 |    15 ||    88
       Headbutt          |    10 |     3 ||    13
       Shortbow          |       |     2 ||     2
 Fire: Shortbow          |    46 |    91 ||   137
Throw: Tomahawk          |       |     2 ||     2
  Use: Potion            |     1 |     3 ||     4
       Scroll            |     3 |     4 ||     7
  Eat: Bread ration      |     1 |       ||     1
Armor: Leather armour    |    37 |    16 ||    53
Dodge: Dodged            |    82 |    31 ||   113
